Map: Curious Minds LE

Players

A.I. 1 (Harder)

  • Race: Terran Terran

Queijo - Winner!

  • Race: Protoss Protoss
  • League: Gold

VOD

Have the link to the VOD?

Description

Time

  • Played on: March 26, 2022, 1:27 p.m.
  • Length: 11:25
Show
View Real Time Build Order
Export as new Build Order

A.I. 1 (Harder) Terran 

Build Orders:  

Get SALT Encoding   

  12  0:00  SCV  
  13  0:13  SCV  
  14  0:18  Supply Depot  
  14  0:25  SCV  
  15  0:40  SCV  
  16  0:43  Barracks  
  16  0:48  Refinery  
  16  0:52  SCV  
  18  1:04  SCV  
  18  1:16  SCV  
  19  1:18  Supply Depot  
  19  1:29  SCV  
  19  1:31  Marine  
  21  1:40  Barracks  
  21  1:42  Orbital Command  
  21  1:47  Refinery  
  21  1:51  Barracks Tech Lab  
  21  2:04  Factory  
  21  2:09  Marine  
  22  2:18  Supply Depot  
  22  2:27  Marauder  
  22  2:28  Marine  
  25  2:46  Marine  
  25  2:48  Hellion  
  28  2:53  Supply Depot  
  28  2:54  Marine  
  29  3:04  Marine  
  30  3:12  Marine  
  31  3:21  Marine  
  31  3:24  Hellion  
  31  3:25  Supply Depot  
  34  3:31  Marauder  
  36  3:45  Hellion  
  36  3:46  SCV  
  39  3:52  Marauder  
  41  3:57  Supply Depot  
  41  3:59  SCV  
  42  4:06  Hellion  
  42  4:09  Engineering Bay  
  44  4:11  SCV  
  44  4:14  Marauder  
  47  4:23  SCV  
  48  4:28  Hellion  
  50  4:35  SCV  
  51  4:47  SCV  
  51  4:49  Hellion  
  54  6:05  Barracks Tech Lab  
  54  6:06  Stimpack, Marine, Terran Infantry Weapons Level 1  
  54  6:10  Factory, Factory Tech Lab  
  55  6:15  Starport, Command Center  
  55  6:22  Combat Shield  
  55  6:23  Marine, Starport  
  55  6:24  Marine  
  57  6:26  Supply Depot  
  57  6:31  Siege Tank  
  60  6:41  Marine  
  60  6:45  Marine  
  60  6:46  Missile Turret  
  47  6:53  Starport Tech Lab, Factory Tech Lab  
  40  6:59  Marine  
  40  7:01  Starport Tech Lab  
  35  7:03  Marine  
  35  7:07  Siege Tank  
  39  7:17  Marine  
  39  7:21  Marauder  
  42  7:26  Cyclone  
  42  7:28  SCV  
  46  7:31  SCV  
  46  7:33  Refinery  
  46  7:35  Marine  
  48  7:40  Raven, SCV  
  48  7:42  Marine  
  52  7:44  SCV  
  52  7:45  Refinery  
  53  7:52  SCV  
  53  7:53  Marauder  
  53  7:54  Siege Tank  
  53  7:56  SCV  
  60  8:00  Terran Infantry Armor Level 1, Concussive Shells  
  60  8:01  Marauder  
  60  8:04  SCV  
  63  8:07  Raven  
  63  8:08  SCV  
  66  8:14  Marine  
  66  8:16  SCV, Missile Turret  
  68  8:20  SCV  
  68  8:22  Marauder  
  71  8:28  SCV, Missile Turret  
  71  8:32  Marine, SCV  
  74  8:39  Bunker  
  74  8:40  SCV  
  75  8:45  SCV  
  75  8:46  Missile Turret  
  76  8:52  SCV  
  77  8:56  Sensor Tower  
  77  8:59  SCV  
  77  9:00  Supply Depot  
  78  9:04  SCV  
  79  9:11  Bunker  
  79  9:12  SCV  
  80  9:23  Armory  
  80  9:27  Marine, SCV  
  69  9:34  Marine  
  31  9:49  Marine  
  22  9:55  Marine  
  1  10:30  Command Center  
Show
View Real Time Build Order
Export as new Build Order

Queijo Protoss - Winner!

Build Orders: 1 Gate Expand, Archon Immortal 

Get SALT Encoding   

  12  0:00  Probe  
  13  0:12  Probe  
  14  0:20  Pylon  
  14  0:24  Probe  
  15  0:38  Gateway  
  15  0:39  Probe (Chrono Boost)  
  16  0:47  Assimilator  
  16  0:52  Probe (Chrono Boost)  
  17  0:57  Probe (Chrono Boost)  
  18  1:07  Probe  
  19  1:19  Probe  
  20  1:28  Cybernetics Core  
  20  1:35  Nexus  
  20  1:43  Assimilator  
  20  1:51  Pylon  
  20  1:52  Probe  
  21  2:00  Stalker  
  21  2:03  Warp Gate (Chrono Boost)  
  21  2:04  Probe  
  24  2:16  Probe  
  25  2:28  Probe  
  25  2:29  Stalker  
  28  2:40  Probe  
  29  2:47  Probe  
  30  2:51  Robotics Facility  
  30  2:53  Probe  
  31  2:59  Probe  
  33  3:05  Pylon, Probe (Chrono Boost)  
  33  3:07  Sentry  
  33  3:08  Shield Battery  
  33  3:11  Probe (Chrono Boost)  
  36  3:18  Probe (Chrono Boost)  
  38  3:20  Probe (Chrono Boost)  
  38  3:23  Probe (Chrono Boost)  
  38  3:26  Probe (Chrono Boost)  
  39  3:33  Probe  
  41  3:38  Probe, Assimilator  
  41  3:40  Observer  
  43  3:42  Assimilator  
  43  3:45  Probe  
  44  3:50  Probe  
  45  3:58  Probe, Twilight Council  
  45  4:00  Forge  
  45  4:02  Probe  
  47  4:03  Pylon  
  47  4:05  Stalker  
  49  4:12  Probe (Chrono Boost)  
  49  4:14  Probe (Chrono Boost)  
  51  4:24  Probe (Chrono Boost), Immortal  
  53  4:25  Probe (Chrono Boost)  
  53  4:30  Stalker  
  53  4:31  Protoss Ground Weapons Level 1 (Chrono Boost), Probe (Chrono Boost)  
  59  4:32  Phoenix  
  59  4:34  Probe (Chrono Boost)  
  61  4:40  Charge  
  62  4:49  Pylon  
  61  5:07  Immortal  
  61  5:13  Pylon  
  61  5:14  Zealot  
  67  5:37  Templar Archives  
  67  5:40  Gateway  
  67  5:41  Gateway  
  67  5:45  Gateway  
  67  5:48  Gateway  
  67  5:50  Gateway  
  67  5:51  Immortal (Chrono Boost), Gateway  
  71  5:59  Gateway, Zealot  
  73  6:11  Pylon  
  73  6:12  Pylon  
  73  6:17  Protoss Ground Weapons Level 2 (Chrono Boost)  
  73  6:19  Zealot  
  75  6:29  Immortal  
  79  6:34  Pylon  
  79  6:36  Pylon  
  79  6:37  Zealot  
  79  6:38  Zealot  
  79  6:53  Zealot  
  75  6:54  Zealot  
  75  6:55  Zealot x3  
  80  7:08  High Templar x2  
  84  7:11  Immortal  
  84  7:14  Archon  
  84  7:15  Pylon  
  88  7:16  Pylon  
  88  7:24  High Templar  
  88  7:28  High Templar  
  92  7:36  High Templar x2  
  96  7:37  High Templar x2  
  96  7:41  Archon x3  
  96  7:44  Warp Prism  
  100  7:48  Zealot x2  
  106  8:00  Sentry  
  106  8:02  Nexus  
  108  8:14  High Templar  
  108  8:15  High Templar  
  108  8:16  Zealot x3  
  108  8:17  Zealot  
  120  8:25  Archon  
  120  8:32  Zealot  
  120  8:33  Zealot  
  124  8:42  Pylon  
  124  8:44  Pylon  
  124  8:45  Probe  
  124  8:46  Probe  
  124  8:48  Pylon  
  126  9:00  Probe  
  127  9:04  High Templar x2, Pylon  
  127  9:05  High Templar  
  127  9:06  High Templar, Pylon  
  127  9:08  Zealot x2  
  127  9:09  Zealot  
  141  9:14  Archon  
  141  9:16  Archon  
  133  9:35  Probe x3  
  133  9:47  Probe x3  
  133  9:49  Zealot  
  133  9:50  Zealot x5  
  133  9:51  Zealot  
  150  9:53  Zealot  
  152  10:12  High Templar  
  152  10:13  High Templar  
  152  10:14  High Templar x2  
  158  10:15  High Templar  
  158  10:17  Zealot  
  158  10:18  Zealot  
  166  10:25  Archon x2  
  166  10:36  High Templar  
  168  10:59  Archon  
  168  11:15  Assimilator  
  168  11:19  Assimilator  
Tags
 
Add a new tag
Caveats
  • Supply blocks, unpowered buildings, or Contaminate may cause inaccurate times.
  • Supply counts are checked every 10 seconds.